 Dungeon Sprint DCSS version 0.21.0-24-g2553a33 (webtiles) character file.

100 letownia2 the Ruffian (level 4, -4/44 HPs)
             Began as a Troll Wizard on Jan 20, 2018.
             Slain by a deep elf mage
             ... wielding a +1 long sword of holy wrath
              (7 damage)
             ... in the Dungeon (Sprint III: "The Ten Rune Challenge").
             The game lasted 00:01:15 (228 turns).

letownia2 the Ruffian (Troll Wizard)                 Turns: 228, Time: 00:01:16

Health: -4/44      AC:  5    Str: 19    XL:     4   Next: 46%
Magic:  4/7        EV:  9    Int: 15    God:
Gold:   25         SH:  0    Dex:  8    Spells: 2/9 levels left

rFire    . . .     SeeInvis .     - Unarmed
rCold    . . .     Gourm    +   (no shield)
rNeg     . . .     Faith    .   a - +0 robe
rPois    .         Spirit   .   b - +0 hat
rElec    .         Reflect  .   (no cloak)
rCorr    .         Harm     .   (gloves unavailable)
MR       .....     NoTele   +   (boots unavailable)
Stlth    +.........             (no amulet)
HPRegen  0.54/turn              k - +4 ring of strength
MPRegen  0.10/turn              (no ring)

@: drained
A: large, unfitting armour, claws 3, fast metabolism 3, gourmand, regeneration
1, shaggy fur 1, tough skin 2
a: no special abilities


You were in the Dungeon.
You were full.

You visited 1 branch You collected 25 gold pieces.

Inventory:

Armour
 a - a +0 robe (worn)
 b - a +0 hat (worn)
Jewellery
 k - a +4 ring of strength (left claw)
Scrolls
 j - a scroll of blinking
 m - 2 scrolls of torment {unknown}
 n - 3 scrolls of identify
 o - 2 scrolls of remove curse {unknown}
Potions
 e - 2 potions of curing
 f - a potion of heal wounds
 g - a potion of haste
 h - 2 potions of magic
 i - a potion of berserk rage
 l - 4 potions of mutation {unknown}
 p - 2 potions of flight {unknown}
Books
 c - a book of Minor Magic

   Spells                             Type                      Level
   a - Magic Dart                     Conjuration                  1
   b - Blink                          Translocation                2
   c - Call Imp                       Summoning                    2
   d - Slow                           Hexes                        2
   e - Conjure Flame                  Conjuration/Fire             3
   f - Mephitic Cloud                 Conjuration/Poison/Air       3
Comestibles
 d - 4 rations


   Skills:
 - Level 2.4(1.9) Fighting
 - Level 1.5(1.0) Dodging
 - Level 1.0(0.5) Stealth
 + Level 5.0(4.5) Unarmed Combat
 + Level 3.2(2.7) Spellcasting
 + Level 1.6(1.1) Conjurations
   Level 0.6(0.1) Summonings
   Level 0.6(0.1) Translocations
 + Level 1.4(0.9) Fire Magic
 + Level 1.2(0.7) Air Magic
 + Level 1.5(1.0) Poison Magic


You had 2 spell levels left.
You knew the following spells:

 Your Spells              Type           Power        Failure   Level  Hunger
a - Magic Dart            Conj           #...         13%         1    #......
c - Conjure Flame         Conj/Fire      #.......     36%         3    ###....
e - Mephitic Cloud        Conj/Pois/Air  #.......     38%         3    ###....


Dungeon Overview and Level Annotations

Branches:
Dungeon (1/1)

Altars:
Elyvilon
Zin
The Shining One


Innate Abilities, Weirdness & Mutations

You are too large for most types of armour.
You have claws for hands.
Your metabolism is lightning-fast.
You like to eat raw meat.
Your natural rate of healing is unusually fast.
You are covered in fur. (AC +1)
You have very tough skin. (AC +2)


Message History

Unknown command.
Unknown command.
The deep elf mage is engulfed in noxious fumes.
The deep elf mage mumbles some strange words.
There is an open door here.
You miss the deep elf mage.
The deep elf mage is lightly wounded.
The deep elf mage hits you with a long sword of holy wrath!
You barely miss the deep elf mage.
The deep elf mage is lightly wounded.
The red devil hits you from afar with a trident.
The deep elf mage casts a spell at you. The bolt of negative energy hits you!
You feel drained.
You are too injured to fight recklessly!
You barely miss the deep elf mage.
The deep elf mage is lightly wounded.
The red devil hits you from afar with a trident!
* * * LOW HITPOINT WARNING * * *
The deep elf mage hits you with a long sword of holy wrath!
You die...

▓▓▓▓▓▓▓ ▓▓▓ .'....♣♣♣
♣.##### .#......♣
♣♣.#4§_# ##.....♣♣
♣..#§e.#
.#....≈♣♣♣♣..###@#+###+##
.#...≈≈....♣.#..........#
.#..≈≈≈≈...♣.'.⌠........#
'#..≈≈≈≈≈≈♣..#...######+#
.#.≈≈≈≈≈≈....#.⌠.#
.#.≈≈≈≈≈.....#...#
.#.≈≈≈.......#+###
##...........#
.....÷.......#


You could see a deep elf mage and a red devil.

Vanquished Creatures
  A water elemental (D)
  A human (D)
  A wolf (D)
  2 oozes (D)
  2 rats (D)
7 creatures vanquished.

Vanquished Creatures (others)
  2 draconian scorchers (D)
  6 hellions (D)
  A yaktaur (D)
  3 plants (D)
12 creatures vanquished.

Grand Total: 19 creatures vanquished

Notes
Turn   | Place    | Note
-------+----------+-------------------------------------------
     0 | D        | letownia2 the Troll Wizard began the quest for the Orb.
     0 | D        | Reached XP level 1. HP: 16/16 MP: 2/2
     6 | D        | Reached skill level 1 in Fighting
     6 | D        | Reached skill level 2 in Unarmed Combat
     9 | D        | Reached skill level 3 in Unarmed Combat
     9 | D        | Reached XP level 2. HP: 28/28 MP: 4/4
    27 | D        | Killed a yaktaur
    43 | D        | Reached skill level 4 in Unarmed Combat
    65 | D        | Reached XP level 3. HP: 19/36 MP: 6/6
    73 | D        | Learned a level 3 spell: Mephitic Cloud
    77 | D        | Learned a level 3 spell: Conjure Flame
    93 | D        | Killed a hellion
   104 | D        | Noticed a water elemental
   124 | D        | Killed a hellion
   127 | D        | Killed a hellion
   128 | D        | Killed a hellion
   129 | D        | Killed a hellion
   130 | D        | Killed a hellion
   140 | D        | Killed a water elemental
   140 | D        | Reached skill level 5 in Unarmed Combat
   140 | D        | Reached skill level 1 in Conjurations
   140 | D        | Reached skill level 1 in Fire Magic
   140 | D        | Reached skill level 1 in Air Magic
   140 | D        | Reached skill level 1 in Poison Magic
   140 | D        | Reached XP level 4. HP: 4/44 MP: 0/7
   189 | D        | Killed a white draconian scorcher
   204 | D        | Killed a white draconian scorcher
   223 | D        | Found a glowing silver altar of Zin.
   223 | D        | Found a glowing golden altar of the Shining One.
   223 | D        | Found a white marble altar of Elyvilon.
   223 | D        | Noticed a deep elf mage
   226 | D        | Noticed a red devil
   228 | D        | Slain by a deep elf mage

Skill      XL: |  1  2  3 |
---------------+----------+-----
Fighting       | 1 2 |  2.4
Unarmed Combat | 3 4 5 |  5.0
Spellcasting   | 3 |  3.2
Conjurations   | 1 |  1.6
Fire Magic     | 1 |  1.4
Air Magic      | 1 |  1.2
Poison Magic   | 1 |  1.5
Dodging        | |  1.5
Stealth        | |  1.0
Summonings     | |  0.6
Translocations | |  0.6

Action                   |  1- 3 |  4- 6 || total
-------------------------+-------+-------++-------
Melee: Unarmed           |    25 |     3 ||    28
 Cast: Conjure Flame     |     1 |       ||     1
       Mephitic Cloud    |       |     1 ||     1
 Stab: Sleeping          |     1 |       ||     1
  Eat: Chunk             |     4 |       ||     4
Armor: Robe              |     5 |       ||     5
Dodge: Dodged            |     8 |       ||     8
